 Dungeon Crawl Stone Soup version 0.26-a0-346-g33516b1736 (webtiles) character file.

Game seed: 8458309294540786860

10292 BritishOli the Protected (level 11, -9/85 HPs)
             Began as a Demonspawn Fighter on July 17, 2020.
             Was a High Priest of Okawaru.
             Mangled by a white ugly thing (31 damage)
             ... on level 13 of the Dungeon.
             The game lasted 00:28:28 (10083 turns).

BritishOli the Protected (Demonspawn Fighter)      Turns: 10083, Time: 00:28:29

Health: -9/85      AC: 14    Str: 26    XL:     11   Next: 34%
Magic:  11/11      EV: 10    Int:  8    God:    Okawaru [*****.]
Gold:   323        SH: 17    Dex: 12    Spells: 10/10 levels left

rFire    + . .     SeeInvis .   C - +10 long sword of Vuiklyr {venom, rElec Str+6 Stlth+}
rCold    . . .     Faith    .   c - +0 kite shield
rNeg     . . .     Spirit   .   r - +4 troll leather armour {Purgy}
rPois    +         Reflect  +   (helmet restricted)
rElec    +         Harm     .   p - +0 cloak
rCorr    .                      (no gloves)
MR       .....                  l - +0 pair of boots
Stlth    +++.......             L - amulet of reflection
HPRegen  3.64/turn              u - ring of stealth
MPRegen  0.12/turn              G - ring of protection from fire

@: about to teleport, lightly drained
A: antennae 1, claws 1, icy blue scales 1, demonic guardian 1, deterioration 1,
dopey 1, poison resistance, powered by death 2
a: Heroism, Finesse, Renounce Religion


You were on level 13 of the Dungeon.
You worshipped Okawaru.
Okawaru was extremely pleased with you.
You visited 2 branches of the dungeon, and saw 16 of its levels.
You also visited: Bailey.

You collected 822 gold pieces.
You spent 499 gold pieces at shops.

Inventory:

Hand Weapons
 C - the +10 long sword of Vuiklyr (weapon) {venom, rElec Str+6 Stlth+}
   (You bought it in a shop on level 7 of the Dungeon)

   It poisons the flesh of those it strikes.
   It affects your strength (+6).
   It insulates you from electricity.
   It makes you more stealthy.
Missiles
 N - 18 javelins (quivered)
Armour
 c - a +0 kite shield (worn)
 k - a +0 plate armour
 l - a +0 pair of boots (worn)
 p - a +0 cloak (worn)
 r - a +4 troll leather armour (worn) {Purgy}
Jewellery
 a - an uncursed amulet of the acrobat
 u - a ring of stealth (left claw)
 y - a +6 ring of intelligence
 G - a ring of protection from fire (right claw)
 L - an amulet of reflection (around neck)
Wands
 b - a wand of disintegration (13)
 e - a wand of polymorph (11)
 E - a wand of acid (1)
 F - a wand of random effects (7)
Scrolls
 f - 2 scrolls of enchant weapon
 g - 4 scrolls of teleportation
 h - 4 scrolls of remove curse
 i - 2 scrolls of magic mapping
 m - 5 scrolls of immolation
 n - 2 scrolls of blinking {unknown}
 s - a scroll of random uselessness {unknown}
 t - 2 scrolls of noise {unknown}
 A - a scroll of amnesia {unknown}
 B - 3 scrolls of fog {unknown}
 K - 2 scrolls of enchant armour
 M - a scroll of torment {unknown}
Potions
 d - 3 potions of might
 j - a potion of heal wounds
 o - a potion of berserk rage
 q - a potion of degeneration {unknown}
 v - 2 potions of brilliance
 w - 2 potions of magic
 x - 3 potions of curing
 z - a potion of lignification
 D - a potion of haste
 H - 2 potions of resistance
 I - a potion of flight {unknown}
 J - a potion of invisibility


   Skills:
 + Level 7.7(7.6) Fighting
 * Level 9.0(8.9) Long Blades
 * Level 9.3(9.1) Armour
 * Level 9.2(9.1) Shields


You had 10 spell levels left.
You didn't know any spells.
Your spell library contained the following spells:

 Spells                   Type           Power        Failure   Level
 Animate Skeleton         Necr           #.....       71%         1
 Beastly Appendage        Tmut           #.....       71%         1
 Pain                     Necr           #...         71%         1
 Wereblood                Tmut           #.......     83%         2
 Spider Form              Tmut/Pois      #.........   97%         3
 Vampiric Draining        Necr           #.........   97%         3
 Animate Dead             Necr           #.........   100%        4
 Ice Form                 Ice/Tmut       #.......     100%        4
 Agony                    Necr           #.......     100%        5
 Blade Hands              Tmut           #.........   100%        5


Dungeon Overview and Level Annotations

Branches:
Dungeon (15/15)            Temple (1/1) D:5            Lair (0/6) D:11
    Orc (0/2) D:11         Bailey (visited)
 Vaults: D:13-14     Depths: D:15

Altars:
Ashenzari
Cheibriados
Dithmenos
Elyvilon
Fedhas
Gozag
Hepliaklqana
Kikubaaqudgha
Makhleb
Nemelex Xobeh
Okawaru
Qazlal
Ru
Sif Muna
Trog
Uskayaw
Vehumet
Wu Jian
Xom
Yredelemnul
Zin
The Shining One

Shops:
D:4 (   D:7 *

Annotations:
D:6 Maggie
D:9 exclusion: orange crystal statue
D:10 Harold


Innate Abilities, Weirdness & Mutations

You have a pair of small antennae on your head.
You are partially covered in icy blue scales. (AC +2)
A weak demonic guardian rushes to your aid.
You regenerate health from kills.
You have sharp fingernails.
Your body sometimes deteriorates upon taking damage.
You are dopey. (Int -2)
Your system is resistant to poisons. (rPois)


Message History

The centaur warrior skeleton hits you.
* * * LOW HITPOINT WARNING * * *
The white ugly thing barely misses you.
Your quasit bites the centaur warrior skeleton.
Your quasit claws the centaur warrior skeleton. x2
The orc wizard casts a spell.
The orc wizard flickers and vanishes!
Deactivating autopickup; reactivate with Ctrl-A.
You block the orc wizard's attack. The jelly closely misses your quasit.
The orc priest closely misses you.
You hear a bellow!
You slash the centaur warrior skeleton!
The centaur warrior skeleton is heavily damaged.
You block the centaur warrior skeleton's attack.
Your quasit bites the centaur warrior skeleton.
Your quasit claws the centaur warrior skeleton. x2
The white ugly thing tail-slaps you.
* * * LOW HITPOINT WARNING * * *
The white ugly thing freezes you!!
You die...

#####
#...#
#...#
#..J.
#..5#
#.)Z#
#o.@#
#.ou#
#..{.{
#...##
#?...
##.#.
.. .
.. ##


You could see a white ugly thing, a jelly, an orc priest, an orc wizard, a
centaur warrior skeleton and a friendly quasit (summoned).

Vanquished Creatures
  Erolcha (D:11)
  A two-headed ogre (D:11)
  Sonja (D:11)
  An orc sorcerer (D:14)
  A shining eye (D:8)
  A gargoyle (D:11)
  A hippogriff (D:11)
  Sigmund (D:5)
  Grum (D:10)
  2 yaks (D:9)
  A steam dragon (D:8)
  A soldier ant (D:12)
  A water moccasin (D:8)
  A sky beast (D:9)
  5 ice beasts
  13 orc warriors
  Purgy (D:3)
  2 necrophages
  A phantom (D:8)
  12 centaurs
  4 wolves (D:10)
  2 big kobolds
  A gnoll sergeant (D:6)
  5 bullfrogs
  A wyvern skeleton (D:9)
  4 scorpions
  A quasit (D:11)
  5 centaur zombies
  3 hounds
  A bullfrog skeleton (D:9)
  4 orc priests
  Crazy Yiuf (D:2)
  An iguana (D:7)
  Natasha (twice) (D:3)
  Terence (D:2)
  Ijyb (D:3)
  6 orc wizards
  8 worker ants
  6 gnolls
  10 adders
  A howler monkey skeleton (D:4)
  A shadow imp (D:7)
  A white imp (D:10)
  A worm (D:3)
  A dart slug (D:1)
  6 leopard geckos
  54 orcs
  A ball python (D:1)
  7 bats
  2 giant cockroaches
  2 goblins (D:3)
  5 hobgoblins
  9 jackals
  3 quokkas
  2 frilled lizards
  A giant cockroach zombie (D:2)
  A jackal skeleton (D:8)
  14 kobolds
  A leopard gecko skeleton (D:4)
  8 rats
237 creatures vanquished.

Vanquished Creatures (collateral kills)
  A centaur zombie (D:12)
  A yak (D:9)
  A porcupine (D:11)
  A black bear (D:7)
  An ogre (D:7)
  An orc priest (D:7)
  A worker ant (D:7)
  5 orcs
  A kobold (D:8)
13 creatures vanquished.

Vanquished Creatures (others)
  An orc wizard (D:9)
1 creature vanquished.

Grand Total: 251 creatures vanquished

Notes
Turn   | Place    | Note
-------+----------+-------------------------------------------
     0 | D:1      | BritishOli the Demonspawn Fighter began the quest for the
                  | Orb.
     0 | D:1      | Reached XP level 1. HP: 18/18 MP: 1/1
   338 | D:1      | Gained mutation: You have a pair of small antennae on your
                  | head. [demonic ancestry]
   338 | D:1      | Reached XP level 2. HP: 24/24 MP: 2/2
  1142 | D:2      | Gained mutation: You regenerate a little health from kills.
                  | [demonic ancestry]
  1142 | D:2      | Reached XP level 3. HP: 27/29 MP: 3/3
  1267 | D:2      | Noticed Terence
  1284 | D:2      | Killed Terence
  1809 | D:2      | Found a runed translucent door.
  1810 | D:2      | Noticed Crazy Yiuf
  1821 | D:2      | Killed Crazy Yiuf
  1821 | D:2      | Reached XP level 4. HP: 21/37 MP: 4/4
  1977 | D:3      | Noticed Natasha
  1989 | D:3      | Killed Natasha
  2099 | D:3      | Noticed Ijyb
  2128 | D:3      | Killed Ijyb
  2128 | D:3      | Reached XP level 5. HP: 32/42 MP: 5/5
  2206 | D:3      | Found a radiant altar of Vehumet.
  2365 | D:3      | Noticed Natasha
  2377 | D:3      | Killed Natasha
  2810 | D:3      | Noticed Purgy
  2838 | D:3      | Killed Purgy
  2838 | D:3      | Reached XP level 6. HP: 19/48 MP: 6/6
  3483 | D:4      | Found a stormy altar of Qazlal.
  3601 | D:4      | Found Deuvaoh's Weapon Boutique.
  4039 | D:5      | Entered Level 5 of the Dungeon
  4039 | D:5      | Found a staircase to the Ecumenical Temple.
  4044 | Temple   | Entered the Ecumenical Temple
  4349 | D:5      | Noticed Sigmund
  4418 | D:5      | Killed Sigmund
  4418 | D:5      | Reached XP level 7. HP: 50/55 MP: 7/7
  5225 | D:6      | Reached skill level 5 in Armour
  5225 | D:6      | Reached skill level 5 in Shields
  5381 | D:6      | Found a shimmering altar of Xom.
  5381 | D:6      | Noticed Maggie
  5424 | D:7      | Found a glowing silver altar of Zin.
  5460 | D:7      | Gained mutation: A weak demonic guardian rushes to your
                  | aid. [demonic ancestry]
  5460 | D:7      | Reached XP level 8. HP: 28/61 MP: 8/8
  5472 | D:7      | Reached skill level 5 in Fighting
  5489 | D:7      | Gained mutation: You are dopey. (Int -2) [potion of
                  | mutation]
  5489 | D:7      | Gained mutation: You have sharp fingernails. [potion of
                  | mutation]
  5489 | D:7      | Gained mutation: You are agile. (Dex +2) [potion of
                  | mutation]
  5489 | D:7      | Gained mutation: Your system is resistant to poisons.
                  | (rPois) [potion of mutation]
  5704 | D:7      | Found a snail-covered altar of Cheibriados.
  6134 | D:7      | Found Duloxo's Assorted Antiques.
  6206 | D:7      | Reached skill level 5 in Long Blades
  6257 | D:7      | Bought a warped long sword for 229 gold pieces
  6257 | D:7      | Bought a potion of haste for 270 gold pieces
  6257 | D:7      | Identified the +10 long sword of Vuiklyr {venom, rElec
                  | Str+6 Stlth+} (You bought it in a shop on level 7 of the
                  | Dungeon)
  6690 | D:8      | Found a shadowy altar of Dithmenos.
  6702 | D:8      | Found a burning altar of Makhleb.
  6728 | D:8      | Noticed a two-headed ogre
  6736 | D:8      | Noticed a shining eye
  6736 | D:8      | a two-headed ogre changed into a shining eye
  6738 | D:8      | Gained mutation: Your body sometimes deteriorates upon
                  | taking damage. [a shining eye]
  6742 | D:8      | Lost mutation: You are agile. (Dex +2) [a shining eye]
  6743 | D:8      | Killed a shining eye
  6743 | D:8      | Gained mutation: You are partially covered in icy blue
                  | scales. (AC +2) [demonic ancestry]
  6743 | D:8      | Reached XP level 9. HP: 69/69 MP: 9/9
  6952 | D:8      | Found an iron altar of Okawaru.
  6963 | D:8      | Became a worshipper of Warmaster Okawaru
  7296 | D:9      | Noticed an orange crystal statue
  7494 | D:9      | Reached * piety under Okawaru
  7984 | D:10     | Entered Level 10 of the Dungeon
  8003 | D:10     | Reached ** piety under Okawaru
  8003 | D:10     | Reached XP level 10. HP: 72/77 MP: 10/10
  8365 | D:10     | Noticed Grum
  8382 | D:10     | Killed Grum
  8804 | D:10     | Noticed Harold
  8919 | D:11     | Found a bloodstained altar of Trog.
  8919 | D:11     | Noticed a two-headed ogre
  8924 | D:11     | Killed a two-headed ogre
  8924 | D:11     | Reached *** piety under Okawaru
  8938 | D:11     | Noticed a gargoyle
  8944 | D:11     | Killed a gargoyle
  8976 | D:11     | Noticed Sonja
  8982 | D:11     | Killed Sonja
  8982 | D:11     | Reached **** piety under Okawaru
  9004 | D:11     | Noticed Erolcha
  9012 | D:11     | Killed Erolcha
  9012 | D:11     | Gained mutation: You regenerate health from kills. [demonic
                  | ancestry]
  9012 | D:11     | Reached XP level 11. HP: 84/84 MP: 11/11
  9030 | D:11     | Noticed a death yak
  9065 | D:11     | Found a flagged portal.
  9066 | D:11     | Found a staircase to the Orcish Mines.
  9074 | Bailey   | Entered a bailey
  9649 | Bailey   | Reached ***** piety under Okawaru
 10033 | D:12     | You fall into a shaft and drop 3 floors!
 10033 | D:15     | Entered Level 15 of the Dungeon
 10033 | D:15     | Noticed a white ugly thing
 10033 | D:15     | Noticed a white ugly thing
 10033 | D:15     | Noticed a white ugly thing
 10034 | D:15     | Noticed a white ugly thing
 10038 | D:15     | Noticed a white ugly thing
 10038 | D:15     | Noticed a rakshasa
 10040 | D:15     | Noticed a white ugly thing
 10041 | D:15     | Noticed a white ugly thing
 10045 | D:15     | Noticed a deep elf mage
 10049 | D:15     | Noticed an orc sorcerer
 10050 | D:15     | Noticed an orc knight
 10057 | D:14     | Killed an orc sorcerer
 10079 | D:13     | Noticed a white ugly thing
 10083 | D:13     | Mangled by a white ugly thing

Illustrated notes

Levels and vault maps discovered:
D:1:      dpeg_arrival_fog, layout_loops_ring, minmay_rat_gold_closets
D:2:      layout_loops_ring, uniq_terence, uniq_crazy_yiuf_cottage
D:3:      layout_loops_corners, lemuel_crystal_altar, uniq_ijyb, uniq_purgy,
          uniq_natasha
D:4:      layout_loops_ring, old_standard_altar, serial_shops, shop_coins,
          minmay_misc_feat_more_columns
D:5:      layout_loops_ring, minmay_temple_entry_trees, uniq_sigmund
D:6:      layout_cave_pools, basic_altar, uniq_maggie
D:7:      layout_rooms, nicolae_overflow_crystal_walls, cheibriados_altar_1,
          serial_shops, shop
D:8:      layout_gridville, grunt_dithmenos_smoke_and_mirrors,
          lemuel_doored_altar, basic_altar, grunt_ministairs_5
D:9:      layout_gridville, minivault_16
D:10:     layout_stronghold, hangedman_fish_farm, uniq_fannar, uniq_harold,
          uniq_grum
D:11:     layout_small_grid, dpeg_lair_monsters, orc_0_dummy, enter_bailey_3,
          serial_glass, glass_columns_c, glass_columns_a, bloody_trog,
          uniq_erolcha, uniq_sonja
D:12:     layout_basic, serial_shops, shop
D:13:     layout_rooms, ximxim_vaults_locker_room, kennysheep_just_a_vault
D:14:     layout_loops_ring, dk_noncrumbling_4, minmay_misc_feat_alley,
          minmay_puff
D:15:     gammafunk_enter_depths_forms, layout_long_grid, hangedman_ru_absence
Temple:   eino_temple_rhombus

Skill      XL: |  1  2  3  4  5  6  7  8  9 10 11 |
---------------+----------------------------------+-----
Long Blades    | 2 3 4 6 7 8 9 |  9.0
Armour         | 3 4 5 6 7 8 9 |  9.3
Shields        | 3 4 5 6 7 8 9 |  9.2
Fighting       | 4 5 6 7 |  7.7

Action                   |  1- 3 |  4- 6 |  7- 9 | 10-12 || total
-------------------------+-------+-------+-------+-------++-------
Melee: Long sword        |    98 |   163 |   364 |   223 ||   848
       Unarmed           |       |    22 |       |       ||    22
Invok: Heroism           |       |       |       |     1 ||     1
Evoke: Wand              |       |     7 |     4 |     4 ||    15
  Use: Scroll            |       |     2 |    13 |     7 ||    22
       Potion            |       |       |     1 |     1 ||     2
 Stab: Sleeping          |       |       |    10 |     9 ||    19
       Distracted        |       |       |     1 |       ||     1
Armor: Scale mail        |    54 |    94 |   116 |       ||   264
       Skin              |       |     4 |       |       ||     4
       Troll leather arm |       |       |    49 |    67 ||   116
Dodge: Dodged            |    26 |    72 |   107 |    77 ||   282
Block: Kite shield       |    46 |   113 |   183 |   243 ||   585
       Rpst.: Long sword |    10 |    23 |    36 |    13 ||    82

Table legend:
 A = Non-vault XP
 B = Vault XP
 C = Vault XP percentage of total XP
 D = Non-vault monster count
 E = Vault monster count
 F = Vault count percentage of total count
                 A         B        C        D         E       F
            +---------+---------+-------+---------+---------+-------
      Total |    9430 |    5274 |  35.9 |     189 |      62 |  24.7
            +---------+---------+-------+---------+---------+-------
        D:1 |      27 |       6 |  18.2 |      13 |       6 |  31.6
        D:2 |      23 |      75 |  76.5 |       7 |       2 |  22.2
        D:3 |      75 |     196 |  72.3 |      13 |       3 |  18.8
        D:4 |     122 |       0 |   0.0 |      15 |       0 |   0.0
        D:5 |     298 |     231 |  43.7 |       9 |       1 |  10.0
        D:6 |     345 |       0 |   0.0 |       9 |       0 |   0.0
        D:7 |     543 |       0 |   0.0 |      25 |       0 |   0.0
        D:8 |    1747 |     117 |   6.3 |      28 |       3 |   9.7
        D:9 |    1483 |       0 |   0.0 |      32 |       0 |   0.0
       D:10 |    1813 |     665 |  26.8 |      21 |       5 |  19.2
       D:11 |    1545 |    1783 |  53.6 |       9 |       3 |  25.0
       D:12 |     719 |       0 |   0.0 |       4 |       0 |   0.0
       D:13 |      46 |       0 |   0.0 |       2 |       0 |   0.0
       D:14 |     644 |       0 |   0.0 |       2 |       0 |   0.0
     Bailey |       0 |    2201 | 100.0 |       0 |      39 | 100.0
            +---------+---------+-------+---------+---------+-------
